 Dungeon Crawl Stone Soup version 0.31-a0-145-g046c7d2549 (webtiles) character file.

Game seed: 7369127802720994969

245 qw the Shooter (level 5, -1/46 HPs)
             Began as a Minotaur Hunter on June 7, 2023.
             Slain by a gnoll
             ... wielding a +0 spear
              (3 damage)
             ... on level 4 of the Dungeon.
             The game lasted 00:00:53 (2447 turns).

qw the Shooter (Minotaur Hunter)                    Turns: 2447, Time: 00:00:53

Health: -1/46      AC:  5    Str: 15    XL:     5   Next: 83%
Magic:  4/4        EV: 11    Int:  6    God:
Gold:   238        SH:  0    Dex: 16    Spells: 4/4 levels left

rFire   + + .        Y - +1 shortbow
rCold   . . .        (shield currently unavailable)
rNeg    . . .        b - +0 ring mail
rPois   .            (helmet restricted)
rElec   .            (no cloak)
rCorr   .            (no gloves)
SInv    .            (no boots)
Will    .....        a - amulet of the acrobat
Stlth   +            (no ring)
HPRegen 0.27/turn    (no ring)
MPRegen 0.09/turn

%: acrobat
@: no status effects
A: horns 2, retaliatory headbutt, talons 1, fire resistance 2, MP-powered wands
a: no special abilities


You were on level 4 of the Dungeon.
You visited 1 branch of the dungeon, and saw 4 of its levels.

You collected 238 gold pieces.


Innate Abilities, Weirdness & Mutations

You have a pair of horns on your head.
You reflexively headbutt those who attack you in melee.
You have sharp toenails.
Your flesh is very heat resistant. (rF++)
You expend magic power (3 MP) to strengthen your wands.


   Skills:
 - Level 4.2 Fighting
 + Level 7.0 Ranged Weapons
 - Level 1.3 Armour
 - Level 2.1 Dodging
 - Level 0.7 Stealth


You had 4 spell levels left.
You didn't know any spells.
Your spell library was empty.

Inventory:

Hand Weapons
 Y - a +1 shortbow (weapon)
Armour
 b - a +0 ring mail (worn)
Jewellery
 a - an amulet of the acrobat (around neck)
Scrolls
 e - 2 scrolls of identify
Potions
 g - a potion of mutation
 i - a potion of might

Dungeon Overview and Level Annotations

Branches:
Dungeon (4/15)
 Temple: D:4-7

Altars:
Gozag
Ru
Sif Muna


Message History

The gnoll is lightly wounded.
The gnoll misses you. You furiously retaliate!
You headbutt the gnoll, but do no damage.
The gnoll barely misses you. The gnoll hits you with a +0 flail.
The goblin hits you but does no damage. The gnoll hits you with a +0 flail.
You shoot an arrow. The arrow hits the gnoll.
The gnoll is heavily wounded.
The orc barely misses you. You furiously retaliate!
You headbutt the orc!
You kill the orc!
The gnoll barely misses you. The gnoll hits you with a +0 flail.
The goblin hits you but does no damage. The gnoll barely misses you.
The gnoll misses you.
You shoot an arrow. The arrow closely misses the gnoll.
The gnoll hits you but does no damage. The gnoll hits you with a +0 flail.
The gnoll hits you from afar with a +0 spear.
The gnoll barely misses you. The goblin hits you but does no damage.
You shoot an arrow. The arrow hits the gnoll!
You kill the gnoll!
The gnoll closely misses you. The gnoll hits you with a +0 flail.
The gnoll barely misses you. The goblin closely misses you.
An endoplasm comes into view.
You shoot an arrow. The arrow hits the gnoll.
The gnoll is heavily wounded.
The gnoll barely misses you. The gnoll closely misses you.
The gnoll barely misses you. You furiously retaliate!
You headbutt the gnoll. The goblin hits you with a +0 club.
The gnoll closely misses you. You furiously retaliate!
You headbutt the gnoll! The gnoll barely misses you.
The goblin hits you with a +0 club. The gnoll barely misses you.
You shoot an arrow. The arrow hits the gnoll.
The gnoll is severely wounded.
The gnoll barely misses you. You furiously retaliate!
You headbutt the gnoll!
You kill the gnoll!
The goblin barely misses you. You furiously retaliate!
You headbutt the goblin. The gnoll barely misses you. You furiously retaliate!
You headbutt the gnoll.
The gnoll hits you from afar with a +0 spear.
Your Armour skill increases to level 1!
You shoot an arrow. The arrow closely misses the gnoll.
The gnoll hits you with a +0 flail! The goblin closely misses you.
The gnoll hits you from afar with a +0 spear.
You die...

###
#..###
#..g.#
#.g@)#
#.))##
#.gJ.
#.....
.......
.....##..
.###.##
.7P .. ..
~7~


You could see 2 gnolls, an endoplasm and a goblin.

Vanquished Creatures
  Natasha (thrice) (D:2)
  2 orc wizards (D:3)
  2 gnolls (D:4)
  2 adders
  A worm (D:2)
  4 dart slugs
  4 orcs
  4 ball pythons
  5 bats
  3 endoplasms
  2 giant cockroaches
  4 hobgoblins (D:1)
  5 jackals
  13 kobolds
  3 quokkas
  3 frilled lizards
  5 goblins
  6 rats
71 creatures vanquished.

Notes
Turn   | Place    | Note
-------+----------+-------------------------------------------
     0 | D:1      | qw the Minotaur Hunter began the quest for the Orb.
     0 | D:1      | Reached XP level 1. HP: 18/18 MP: 0/0
     0 | D:1      | 0 ||| qw: Version: 0.2-a-117-gc6b5c8b
     0 | D:1      | 0 ||| qw: Game counter: 2436
     0 | D:1      | 0 ||| qw: Always use a shield: true
     0 | D:1      | 0 ||| qw: God list: Okawaru
     0 | D:1      | 0 ||| qw: Allow faded altars: false
     0 | D:1      | 0 ||| qw: Do Orc after D:15 true
     0 | D:1      | 0 ||| qw: Do second Lair branch before Depths: true
     0 | D:1      | 0 ||| qw: Lair rune preference: random
     0 | D:1      | 0 ||| qw: Plans: Normal
     0 | D:1      | 0 ||| PLANNING D:1-11
   111 | D:1      | Reached XP level 2. HP: 25/25 MP: 1/1
   187 | D:1      | Reached skill level 5 in Ranged Weapons
   312 | D:1      | Found a faded altar of an unknown god.
   325 | D:1      | Reached skill level 3 in Fighting
   504 | D:1      | Reached XP level 3. HP: 31/31 MP: 2/2
   725 | D:1      | 725 ||| READING scroll labelled TEOSTEE ROTUWN.
   726 | D:1      | 726 ||| READING 3 scrolls labelled ROR YRCHUYTIEMU.
   727 | D:1      | 727 ||| READING scroll labelled GEAPOO DAUT.
   728 | D:1      | 728 ||| READING scroll labelled DANIUP CIDE.
   729 | D:1      | 729 ||| DRINKING 2 murky amethyst potions.
   729 | D:1      | Gained mutation: Your flesh is heat resistant. (rF+)
                  | [potion of mutation]
   729 | D:1      | Gained mutation: You expend magic power (3 MP) to
                  | strengthen your wands. [potion of mutation]
   729 | D:1      | Gained mutation: You have sharp toenails. [potion of
                  | mutation]
   729 | D:1      | Gained mutation: Your flesh is very heat resistant. (rF++)
                  | [potion of mutation]
   730 | D:1      | 730 ||| DRINKING 2 sapphire potions.
   731 | D:1      | 731 ||| READING 2 scrolls of identify.
   731 | D:1      | 731 ||| IDENTIFYING golden potion
   732 | D:1      | 732 ||| DROPPING scroll of butterflies.
   733 | D:1      | 733 ||| DROPPING potion of invisibility.
   765 | D:2      | Found an opulent altar of Gozag.
  1200 | D:2      | Noticed Natasha
  1206 | D:2      | Killed Natasha
  1207 | D:2      | Reached skill level 6 in Ranged Weapons
  1207 | D:2      | Reached XP level 4. HP: 38/38 MP: 3/3
  1230 | D:2      | Noticed Natasha
  1237 | D:2      | Killed Natasha
  1392 | D:2      | Noticed Natasha
  1399 | D:2      | Killed Natasha
  1400 | D:2      | Reached XP level 5. HP: 34/46 MP: 4/4
  1531 | D:2      | 1531 ||| UPGRADING to amulet of the acrobat.
  1536 | D:2      | 1536 ||| DRINKING 2 orange potions.
  1537 | D:2      | 1537 ||| DROPPING potion of enlightenment.
  1708 | D:3      | 1708 ||| Stepping ~*~*~tactically~*~*~ (outnumbered).
  1715 | D:3      | 1715 ||| FLEEEEING.
  1881 | D:3      | Found a sacrificial altar of Ru.
  1881 | D:3      | Found a shimmering blue altar of Sif Muna.
  2181 | D:3      | Reached skill level 7 in Ranged Weapons
  2399 | D:3      | 2399 ||| UPGRADING to +0 ring mail.
  2409 | D:3      | 2409 ||| DROPPING +0 leather armour.
  2445 | D:4      | HP: 11/46 [goblin/+0 club (2)]
  2447 | D:4      | Reached skill level 1 in Armour
  2447 | D:4      | HP: 2/46 [gnoll/+0 flail (7)]
  2447 | D:4      | Slain by a gnoll

Levels and vault maps discovered:
D:1:      minmay_arrival_cross, layout_basic, hellmonk_ecumenical_altar_blasted,
          hangedman_glass_teeth, dk_noncrumbling_3
D:2:      layout_basic, basic_altar, uniq_natasha
D:3:      layout_basic, amethyst_overflow_temple_binary
D:4:      layout_cave_pools, serial_shops, nicolae_book_shop_shelving,
          serial_bayou_pond_d

Skill      XL: |  1  2  3  4  5 |
---------------+----------------+-----
Ranged Weapons | 5 6 7 |  7.0
Fighting       | 3 4 |  4.2
Armour         | 1 |  1.3
Dodging        | |  2.1
Stealth        | |  0.7

Action                     |  1- 3 |  4- 6 || total
---------------------------+-------+-------++-------
   Fire: Shortbow          |   108 |    86 ||   194
    Use: Scroll            |     5 |       ||     5
         Potion            |     2 |     1 ||     3
 Armour: Leather armour    |    10 |     3 ||    13
         Ring mail         |       |     4 ||     4
  Dodge: Dodged            |    24 |    43 ||    67

Table legend:
 A = Non-vault XP
 B = Vault XP
 C = Vault XP percentage of total XP
 D = Non-vault monster count
 E = Vault monster count
 F = Vault count percentage of total count
                 A         B        C        D         E       F
            +---------+---------+-------+---------+---------+-------
      Total |     314 |      36 |  10.3 |      70 |       1 |   1.4
            +---------+---------+-------+---------+---------+-------
        D:1 |      46 |       0 |   0.0 |      26 |       0 |   0.0
        D:2 |     119 |      36 |  23.2 |      20 |       1 |   4.8
        D:3 |     118 |       0 |   0.0 |      21 |       0 |   0.0
        D:4 |      31 |       0 |   0.0 |       3 |       0 |   0.0
            +---------+---------+-------+---------+---------+-------
